 Dungeon Crawl Stone Soup version 0.29.1-15-g9cfb28693d (webtiles) character file.

Game seed: 8519175814521841486

515 croobank the Covert (level 7, 0/49 HPs)
             Began as an Octopode Delver on Mar 6, 2023.
             Slain by a gnoll sergeant
             ... wielding a +0 trident
              (14 damage)
             ... on level 5 of the Dungeon.
             The game lasted 00:13:19 (6488 turns).

croobank the Covert (Octopode Delver)               Turns: 6488, Time: 00:13:20

Health: 0/49       AC:  1    Str: 12    XL:     7   Next: 20%
Magic:  10/10      EV: 14    Int: 14    God:
Gold:   348        SH:  0    Dex: 13    Spells: 8/10 levels left

rFire   . . .      SeeInvis .   j - +4 dagger
rCold   . . .      Faith    .   (no shield)
rNeg    . . .      Spirit   .   (helmet restricted)
rPois   .          Reflect  .   (no amulet)
rElec   .          Harm     .   p - +4 ring of slaying
rCorr   .          Rampage  .   (no ring)
Will    .....                   (no ring)
Stlth   +++++.....              (no ring)
HPRegen 0.16/turn               (no ring)
MPRegen 0.12/turn               (no ring)
                                (no ring)
                                (no ring)

@: no status effects
A: almost no armour, amphibious, 8 rings, camouflage 1, gelatinous body 1,
(nimble swimmer 1), tentacles
a: no special abilities


You were on level 5 of the Dungeon.
You visited 1 branch of the dungeon, and saw 7 of its levels.

You collected 348 gold pieces.

Inventory:

Hand Weapons
 a - a +0 hand axe
 b - a +0 sling
 h - a +0 spear
 i - a +0 dagger
 j - a +4 dagger (weapon)
Missiles
 l - a throwing net
 y - 5 poisoned darts (quivered)
 z - 2 atropa-tipped darts
 A - 4 curare-tipped darts
Jewellery
 p - a +4 ring of slaying (left tentacle)
Wands
 f - a wand of digging (8)
 u - a wand of iceblast (6)
Scrolls
 c - 2 scrolls of butterflies
 g - a scroll of immolation
 n - a scroll of fog
 r - a scroll of teleportation
 B - a scroll of vulnerability {unknown}
 E - a scroll of magic mapping
 F - a scroll of enchant armour {unknown}
 G - 2 scrolls of identify
Potions
 e - a potion of haste
 k - a potion of heal wounds
 m - a potion of might
 o - a potion of degeneration {unknown}
 q - 3 potions of curing {unknown}
 s - 2 potions of flight {unknown}
 t - a potion of resistance {unknown}
 v - a potion of brilliance
 w - a potion of berserk rage
 x - a potion of attraction
 C - a potion of mutation {unknown}
 D - a potion of lignification {unknown}


   Skills:
 + Level 4.4 Fighting
 + Level 3.7 Axes
 + Level 3.7 Dodging
 + Level 8.1 Stealth
 * Level 2.2 Spellcasting
 + Level 1.3 Transmutations


You had 8 spell levels left.
You knew the following spells:

 Your Spells              Type           Power      Damage    Failure   Level
a - Wereblood             Tmut           5%         N/A       21%         2

Your spell library contained the following spells:

 Spells                   Type           Power      Damage    Failure   Level
 Apportation              Tloc           2%         N/A       24%         1
 Necrotise                Necr           4%         1d4       24%         1
 Summon Small Mammal      Summ           4%         N/A       24%         1
 Sublimation of Blood     Necr           1%         N/A       34%         2
 Gell's Gravitas          Tloc           1%         N/A       56%         3
 Lesser Beckoning         Tloc           1%         N/A       56%         3
 Teleport Other           Tloc           1%         N/A       56%         3
 Vampiric Draining        Necr           1%         2d6       56%         3
 Agony                    Necr           1%         N/A       100%        5
 Summon Hydra             Summ           0%         N/A       100%        7


Dungeon Overview and Level Annotations

Branches:
Dungeon (7/15)             Temple (0/1) D:5

Altars:
Fedhas
Makhleb
Sif Muna


Innate Abilities, Weirdness & Mutations

You cannot wear most types of armour.
You are amphibious.
You can wear up to eight rings at the same time.
Your skin changes colour to match your surroundings (Stealth+).
Your rubbery body absorbs attacks. (AC +1, EV +1)
((You are camouflaged when in or above water. (Stealth+)))
You have tentacles for arms and can constrict up to eight enemies at once.


Message History

As you read the scroll of fear, it crumbles to dust.
You assume a fearsome visage.
The gnoll sergeant looks frightened!
The gnoll looks frightened!
There is a stone staircase leading up here.
You climb upwards.
There is a stone staircase leading down here.
You start resting.
HP restored.
You climb downwards.
The gnoll sergeant hits you from afar with a +0 trident!
The gnoll sergeant barely misses you.
There is a stone staircase leading up, spattered with blood here.
The gnoll sergeant closely misses you.
The gnoll sergeant hits you with a +0 trident!
You hit the gnoll sergeant but do no damage.
You grab the gnoll sergeant. You squeeze the gnoll sergeant.
The gnoll sergeant is lightly wounded.
You constrict the gnoll sergeant, but do no damage.
The gnoll sergeant barely misses you.
You hit the gnoll sergeant but do no damage.
Your tentacle-slap misses the gnoll sergeant.
The gnoll sergeant is lightly wounded.
You constrict the gnoll sergeant. The gnoll sergeant misses you.
The gnoll hits you from afar with a +0 halberd!
* * * LOW HITPOINT WARNING * * *
As you read the scroll of fear, it crumbles to dust.
You assume a fearsome visage.
The gnoll sergeant looks frightened!
The gnoll looks frightened!
You constrict the gnoll sergeant.
The gnoll sergeant struggles to escape constriction.
You hit the gnoll sergeant but do no damage.
Your attack snaps the gnoll sergeant out of its fear.
You tentacle-slap the gnoll sergeant, but do no damage.
You squeeze the gnoll sergeant, but do no damage.
The gnoll sergeant is moderately wounded.
You constrict the gnoll sergeant. The gnoll sergeant closely misses you.
You hit the gnoll sergeant.
The gnoll sergeant is moderately wounded.
You constrict the gnoll sergeant, but do no damage.
The gnoll sergeant hits you with a +0 trident!
You die...

##.....# #.........##....#.....
.#.....# #.....######....#.....
.#.....# #.....#.........#.....
.#.....#####.....#.........#.....
.#...............#.........#.....
.#...............#.........#.....
.###'##..........#.........######
......#.........g#.........#....#
......#.....g.<.@'.........+....#
###...#..........#...###<..##...#
g.#...##+#####+#######*#...##...#
..#...#,,,,*,,,,,,,,,,,#...#....#
..#...#,,,,*,,,,,,,,,,,#...#....#
..#...#,,,,*,,,,,,,,,,,#...'....#
..########,****,***+***######.###
#........#,*******,,*###.####.#..
#........+,,,,*,,,,,,#........#..


You could see a gnoll sergeant and a gnoll (fleeing).

Vanquished Creatures
  A black bear (D:4)
  A scorpion (D:4)
  2 iguanas
  3 orc wizards (D:3)
  Robin (D:2)
  7 gnolls
  4 adders
  A white imp (D:5)
  A worm (D:2)
  3 dart slugs (D:1)
  5 orcs
  14 ball pythons
  4 bats
  6 endoplasms
  2 giant cockroaches
  18 goblins
  9 hobgoblins
  3 jackals (D:3)
  7 kobolds
  5 quokkas
  6 frilled lizards
  7 rats
110 creatures vanquished.

Vanquished Creatures (others)
  2 plants (D:2)
2 creatures vanquished.

Grand Total: 112 creatures vanquished

Notes
Turn   | Place    | Note
-------+----------+-------------------------------------------
     0 | D:5      | croobank the Octopode Delver began the quest for the Orb.
     0 | D:5      | Reached XP level 1. HP: 16/16 MP: 1/1
    18 | D:7      | Noticed a bullfrog
   118 | D:4      | Noticed an iguana
   158 | D:2      | Reached XP level 2. HP: 19/21 MP: 2/2
   182 | D:1      | Found a faded altar of an unknown god.
   336 | D:1      | Reached XP level 3. HP: 17/26 MP: 3/3
   764 | D:1      | Reached skill level 7 in Stealth
   860 | D:1      | Reached XP level 4. HP: 17/31 MP: 4/4
  1797 | D:1      | HP: 1/32 [gnoll/+0 flail (10)]
  2393 | D:2      | Noticed Robin
  2531 | D:1      | Reached XP level 5. HP: 24/37 MP: 5/5
  2915 | D:2      | Killed Robin
  4076 | D:3      | Reached skill level 1 in Spellcasting
  4076 | D:3      | Reached XP level 6. HP: 43/43 MP: 7/7
  4215 | D:3      | Found a burning altar of Makhleb.
  4365 | D:3      | Found a blossoming altar of Fedhas.
  4414 | D:3      | Learned a level 2 spell: Wereblood
  4972 | D:4      | Noticed a black bear
  4978 | D:4      | Killed a black bear
  4979 | D:4      | Reached skill level 8 in Stealth
  4979 | D:4      | Reached skill level 1 in Transmutations
  5200 | D:4      | Reached XP level 7. HP: 49/49 MP: 10/10
  5493 | D:4      | Found a shimmering blue altar of Sif Muna.
  6488 | D:5      | Slain by a gnoll sergeant

Illustrated notes

Levels and vault maps discovered:
D:1:      dpeg_arrival_houses_and_road, layout_basic,
          dreamdust_ecumenical_altar_statues
D:2:      cheibrodos_old_hovel, layout_basic, minmay_joined_circles, uniq_robin
D:3:      layout_basic, lightli_temple_of_fire, fedhas_altar_4,
          hangedman_decor_clover_reticule, grunt_ministairs_5,
          serial_bayou_lake_a
D:4:      layout_loops_ring, nicolae_sif_muna_little_library, kennysheep_boxes
D:5:      layout_gridville, minmay_temple_entry_nine_rooms, serial_shops,
          nicolae_square_shop, minmay_misc_feat_plants
D:6:      layout_basic, mainiacjoe_overflow_brackets, serial_shops,
          nicolae_shop_hallway_plus, minmay_microvault, uniq_duvessa,
          uniq_edmund
D:7:      layout_cave_pods, serial_rivers, chequers_serial_rivers_micro_e,
          chequers_serial_rivers_room_b, chequers_serial_rivers_micro_c,
          chequers_serial_rivers_large_b

Skill      XL: |  1  2  3  4  5  6 |
---------------+-------------------+-----
Stealth        | 7 8 |  8.1
Axes           | 3 |  3.7
Dodging        | 3 |  3.7
Fighting       | 4 |  4.4
Spellcasting   | 1 2 |  2.2
Transmutations | 1 |  1.3

Action                   |  1- 3 |  4- 6 |  7- 9 || total
-------------------------+-------+-------+-------++-------
Melee: Hand axe          |    44 |    42 |       ||    86
       Constrict         |    11 |    26 |     5 ||    42
       Tentacles         |    12 |    25 |     7 ||    44
       Punch             |     2 |     2 |     1 ||     5
       Dagger            |       |    85 |    24 ||   109
Throw: Throwing net      |       |     1 |       ||     1
 Cast: Wereblood         |       |       |     4 ||     4
  Use: Scroll            |     1 |     8 |     2 ||    11
       Potion            |       |     1 |     1 ||     2
 Stab: Sleeping          |     9 |    26 |     3 ||    38
       Distracted        |     1 |       |       ||     1
Armor: Skin              |     3 |    11 |     1 ||    15
Dodge: Dodged            |    24 |    88 |    15 ||   127
